 Dungeon Crawl Stone Soup version 0.30.0-5-g1a98f26d00 (webtiles) character file.

Game seed: 12727843429106381802

198540 NateTC the Warrior (level 18, 0/178 HPs)
             Began as a Hill Orc Fighter on May 11, 2023.
             Was the Champion of Qazlal.
             Killed from afar by a nagaraja (28 damage)
             ... with a bolt of poison
             ... on level 4 of the Snake Pit.
             The game lasted 00:56:21 (33562 turns).

NateTC the Warrior (Hill Orc Fighter)              Turns: 33562, Time: 00:56:21

Health: 0/178      AC: 25    Str: 35    XL:     18   Next: 44%
Magic:  18/29      EV:  8    Int:  8    God:    Qazlal [******]
Gold:   69         SH: 31    Dex: 10    Spells: 17/17 levels left

rFire   + + +        a - +5 broad axe of Jiezir {flame, Str+2}
rCold   + + .        S - +4 tower shield
rNeg    + . .        V - +2 plate armour {rF+}
rPois   .            k - +1 helmet
rElec   .            g - scarf {rC+ rF+}
rCorr   .            Z - +0 pair of gloves
SInv    .            s - +0 pair of boots
Will    +....        B - amulet of Xittoyju {Faith rC+ rN+ Stlth+} Stlth
                     o - ring of protection from fire
HPRegen 0.49/turn    n - +6 ring of strength
MPRegen 0.21/turn

%: repel missiles, faith
@: lethally poisoned (0 -> -59), protected from fire, studying Axes
A: screaming 2
}: 1/15 runes: decaying
a: Renounce Religion, Upheaval, Elemental Force, Disaster Area


You were on level 4 of the Snake Pit.
You worshipped Qazlal.
Qazlal was exalted by your worship.
You visited 5 branches of the dungeon, and saw 28 of its levels.
You also visited: Gauntlet and Ice Cave.

You collected 2063 gold pieces.
You spent 1994 gold pieces at shops.

Inventory:

Hand Weapons
 a - the +5 broad axe of Jiezir (weapon) {flame, Str+2}
   (You acquired it on level 2 of the Lair of Beasts)

   Str:       It affects your strength (+2).
Armour
 g - a scarf of resistance (worn)
 k - a +1 helmet (worn)
 s - a +0 pair of boots (worn)
 R - +0 swamp dragon scales
 S - a +4 tower shield (worn)
 T - a +1 plate armour of cold resistance
 V - a +2 plate armour of fire resistance (worn)
 Z - a +0 pair of gloves (worn)
Jewellery
 i - a +6 ring of dexterity
 n - a +6 ring of strength (right hand)
 o - a ring of protection from fire (left hand)
 B - the amulet of Xittoyju (around neck) {Faith rC+ rN+ Stlth+}
   (You acquired it in an ice cave)

   [amulet of faith]

   It allows you to gain divine favour quickly.
   rC:        It protects you from cold.
   rN:        It protects you from negative energy.
   Stlth:     It makes you more stealthy.
 I - an amulet of faith
 N - a +6 ring of strength
 O - a ring of resist corrosion
 Q - a ring of magical power
Wands
 c - a wand of polymorph (6)
 l - a wand of digging (6)
 q - a wand of charming (22)
 t - a wand of iceblast (29)
 y - a wand of flame (27)
 z - a wand of light (9)
 Y - a wand of mindburst (26)
Scrolls
 b - 2 scrolls of blinking
 j - 18 scrolls of teleportation
 p - 4 scrolls of brand weapon
 r - 9 scrolls of amnesia
 w - 4 scrolls of poison
 E - 5 scrolls of enchant weapon
 G - 15 scrolls of identify
 H - 3 scrolls of fog
 J - 2 scrolls of silence
 K - a scroll of magic mapping
 W - a scroll of fear
Potions
 d - 4 potions of might
 e - 10 potions of curing
 f - 6 potions of cancellation
 h - 3 potions of brilliance
 m - 4 potions of mutation
 u - 3 potions of attraction
 v - 2 potions of invisibility
 x - 2 potions of haste
 A - 3 potions of heal wounds
 C - 2 potions of lignification
 D - 3 potions of magic
 F - 3 potions of flight
 P - a potion of berserk rage
 X - 2 potions of resistance
Miscellaneous
 L - a phantom mirror
 M - a lightning rod (4/4)
 U - a box of beasts


   Skills:
 - Level 20.2 Fighting
 - Level 18.0 Axes
 - Level 15.7 Armour
 * Level 17.9 Shields
 + Level 14.7 Invocations
 - Level 6.6 Evocations


You had 17 spell levels left.
You didn't know any spells.
Your spell library contained the following spells:

 Spells                   Type           Power      Damage    Failure   Level
 Apportation              Tloc           0%         N/A       96%         1
 Beastly Appendage        Tmut           0%         N/A       96%         1
 Freeze                   Ice            0%         1d3       96%         1
 Necrotise                Necr           0%         1d4       96%         1
 Summon Small Mammal      Summ           0%         N/A       96%         1
 Frozen Ramparts          Ice            0%         1d1       100%        3
 Hailstorm                Conj/Ice       0%         3d3       100%        3
 Ignite Poison            Fire/Tmut/Pois 0%         N/A       100%        3
 Ozocubu's Armour         Ice            0%         N/A       100%        3
 Stone Arrow              Conj/Erth      0%         3d7       100%        3
 Anguish                  Hex/Necr       0%         N/A       100%        4
 Animate Armour           Summ/Erth      0%         N/A       100%        4
 Cause Fear               Hex            0%         N/A       100%        4
 Olgreb's Toxic Radiance  Pois           0%         N/A       100%        4
 Passage of Golubria      Tloc           0%         N/A       100%        4
 Sticky Flame             Conj/Fire      0%         2d3       100%        4
 Iskenderun's Battlesphe  Conj           0%         2d6       100%        5
 Silence                  Hex/Air        0%         N/A       100%        5
 Iron Shot                Conj/Erth      0%         9d1       100%        6
 Enfeeble                 Hex            0%         N/A       100%        7
 Ozocubu's Refrigeration  Ice            0%         4d7       100%        7
 Spellforged Servitor     Conj/Summ      0%         N/A       100%        7
 Ignition                 Fire           0%         3d3       100%        8
 Lehudib's Crystal Spear  Conj/Erth      0%         10d2      100%        8


Dungeon Overview and Level Annotations

Branches:
Dungeon (14/15) Zot: 25657  Temple (1/1) D:4 Zot: 5890    Lair (5/5) D:11 Zot: 22520
  Swamp (4/4) Lair:3 Zot: 18093   Snake (4/4) Lair:3 Zot: 19042   Slime (0/5) Lair:5
    Orc (0/2) D:9          Vaults (0/5) D:13          IceCv (visited)
Gauntlet (visited)

Altars:
Ashenzari
Cheibriados
Dithmenos
Elyvilon
Fedhas
Gozag
Hepliaklqana
Kikubaaqudgha
Makhleb
Nemelex Xobeh
Okawaru
Qazlal
Ru
Sif Muna
Trog
Uskayaw
Vehumet
Wu Jian
Xom
Yredelemnul
Zin
The Shining One
Jiyva
Lugonu

Shops:
D:9 [   Snake:3 [*!

Portals:
Abyss: Lair:5

Annotations:
D:7 1 runed translucent door, Crazy Yiuf
D:10 3 runed translucent doors, grumposus's ghost, novice TrDe
Lair:1 1 runed translucent door, Esekla's ghost, journeyman BaCA


Innate Abilities, Weirdness & Mutations

You frequently scream uncontrollably at your foes.


Message History

The mana viper bites you but does no damage.
The nagaraja is engulfed in blazing flames.
The nagaraja points at you and mumbles some strange words.
The poison arrow hits you!!
You are more poisoned.
The nagaraja casts a spell at you. The bolt of poison hits you.
You are more poisoned.
You hear an angry hiss.
The mana viper attacks as you move away!
You block the mana viper's attack.
The salamander attacks as you move away!
The salamander hits you but does no damage.
Space warps around you.
* * * LOW HITPOINT WARNING * * *
You feel extremely sick.
The naga ritualist prays to its god.
The naga ritualist begins to radiate toxic energy.
* * * LOW HITPOINT WARNING * * *
You are lethally poisoned!
The salamander hits you but does no damage.
The mana viper bites you.
* * * LOW HITPOINT WARNING * * *
You feel your power leaking away.
The nagaraja is engulfed in blazing flames.
You block the nagaraja's attack.
There is a stone staircase leading up, spattered with blood here.
* * * LOW HITPOINT WARNING * * *
You feel extremely sick.
* * * LOW HITPOINT WARNING * * *
You are more poisoned.
The naga drinks a potion.
The naga seems to speed up.
You block the salamander's attack. You block the mana viper's attack.
The naga mage gestures at the nagaraja while chanting.
The nagaraja seems to grow toxic.
The nagaraja is engulfed in blazing flames.
The nagaraja points at you and mumbles some strange words.
The bolt of poison hits you!!
You are more poisoned.
You die...

. ..
..S######
......).#
......NN#
N...NNNN## #
#.N###.###
#§N°......
###@SN§.....
#...○..N....
########NN..
... .#


You could see 2 nagarajas, 2 salamanders, a naga ritualist (toxic aura), a mana
viper, a naga mage and 4 nagas.

Vanquished Creatures
  Kirke (Lair:3)
  3 thorn hunters
  Donald (Lair:3)
  5 nagarajas
  Aizul (Snake:2)
  A ghoul (Swamp:3)
  The ghost of Jauraipp the Eclecticist, a journeyman MeEE of Kikubaaqudgha (Swamp:2)
  10 bunyips
  4 eleionomae
  Snorg (Lair:3)
  Josephine (D:11)
  A shambling mangrove (Swamp:3)
  The ghost of jasper the Imperceptible, a journeyman SpBe of Trog (Lair:4)
  A salamander tyrant (Snake:3)
  22 hydras
  A vault guard (D:13)
  2 ghost crabs
  A spriggan air mage (Swamp:3)
  8 alligators
  4 boulder beetles
  9 two-headed ogres
  A death knight (D:14)
  5 anacondas
  A centaur warrior (D:13)
  A tengu warrior (D:11)
  6 naga warriors
  3 thrashing horrors (Lair:5)
  3 spriggan berserkers
  4 naga sharpshooters
  Sonja (Lair:3)
  5 shock serpents
  A salamander mystic (Snake:3)
  3 skysharks
  A skeletal warrior (D:14)
  2 spectral spriggans (Swamp:2)
  3 goliath frogs
  12 swamp dragons
  4 spriggan druids
  2 fenstrider witch simulacra (Swamp:2)
  A lindwurm (Lair:5)
  4 large abominations (Lair:5)
  15 bog bodies
  5 naga ritualists
  4 deep elf pyromancers
  9 mana vipers
  8 ugly things
  A phantasmal warrior (D:14)
  2 manticores (D:12)
  3 will-o-the-wisps
  2 oklob plants (Lair:5)
  3 cyclopes
  33 black mambas
  11 naga magi
  11 salamanders
  3 guardian serpents
  2 ice statues (IceCv)
  16 elephants
  4 gargoyles
  A centaur zombie (D:10)
  14 cane toads
  4 unseen horrors
  Maggie (D:7)
  A kobold demonologist (D:12)
  4 rime drakes
  An efreet (D:14)
  A tengu conjurer (D:12)
  2 freezing wraiths (D:14)
  7 komodo dragons
  2 ancient zymes (Lair:5)
  7 trolls
  A spectral death drake (Swamp:2)
  7 hornets
  2 polar bears
  3 meliai (D:13)
  Prince Ribbit (D:7)
  12 tyrant leeches
  12 dream sheep
  33 blink frogs
  A meliai zombie (D:10)
  21 slime creatures
  A culicivora (shapeshifter) (Lair:5)
  A dire elephant simulacrum (IceCv)
  6 spriggans
  3 ynoxinuls (Lair:5)
  8 wraiths
  5 wyverns
  2 shadows (D:12)
  2 hogs (Swamp:1)
  A hog (shapeshifter) (Lair:5)
  46 yaks
  8 basilisks
  2 steam dragons
  11 vampire mosquitoes
  Menkaure (D:7)
  13 small abominations (Lair:5)
  A chaos spawn (Lair:5)
  23 nagas
  13 swamp worms
  17 water moccasins
  An acid dragon (D:14)
  A death drake simulacrum (Swamp:2)
  7 swamp drakes
  10 orc warriors
  5 black bears
  3 ice beasts
  A sky beast (D:8)
  10 wolves (Lair:1)
  2 ogres
  5 centaurs
  3 phantoms
  15 bullfrogs
  A kobold brigand (D:11)
  Blork the orc (D:5)
  A gnoll sergeant (D:12)
  2 necrophages (Swamp:4)
  A two-headed ogre simulacrum (D:12)
  A cane toad simulacrum (D:12)
  4 scorpions
  14 wights
  An elephant simulacrum (IceCv)
  7 killer bees
  4 howler monkeys
  3 electric eels
  5 jellies
  4 hounds
  2 orc priests
  A sleepcap (D:6)
  A gnoll bouda (D:7)
  6 iguanas
  11 orc wizards
  4 hell rats (Lair:3)
  5 spriggan simulacra
  4 troll simulacra (D:12)
  2 polar bear simulacra (IceCv)
  Robin (D:3)
  5 adders
  A naga simulacrum (D:12)
  3 shadow imps
  3 ufetubi
  A dart slug (D:1)
  23 orcs
  6 endoplasms
  5 giant cockroaches
  13 goblins
  8 hobgoblins
  17 kobolds
  4 quokkas
  6 ball pythons
  7 bats
  2 frilled lizards (D:3)
  4 rats (D:1)
  A spectral weapon (Swamp:4)
834 creatures vanquished.

Vanquished Creatures (others)
  A spectral spriggan (Swamp:2)
  A naga ritualist (Snake:2)
  2 bloated husks
  A human (D:10)
  4 foxfires (Swamp:1)
9 creatures vanquished.

Grand Total: 843 creatures vanquished

Notes
Turn   | Place    | Note
-------+----------+-------------------------------------------
     0 | D:1      | NateTC the Hill Orc Fighter began the quest for the Orb.
     0 | D:1      | Reached XP level 1. HP: 19/19 MP: 1/1
    44 | D:1      | Reached XP level 2. HP: 25/26 MP: 2/2
    46 | D:1      | Found a faded altar of an unknown god.
   452 | D:1      | Reached XP level 3. HP: 22/31 MP: 3/3
   966 | D:2      | Reached skill level 5 in Axes
  1058 | D:2      | Reached XP level 4. HP: 39/39 MP: 4/4
  1168 | D:2      | Found an iron altar of Okawaru.
  1379 | D:3      | Noticed Robin
  1385 | D:3      | Killed Robin
  2228 | D:4      | Found a staircase to the Ecumenical Temple.
  2249 | D:4      | Reached XP level 5. HP: 18/45 MP: 5/5
  2351 | D:4      | Noticed a phantom
  2359 | Temple   | Entered the Ecumenical Temple
  2366 | Temple   | Killed a phantom
  2459 | Temple   | Became a worshipper of Qazlal Stormbringer
  2477 | D:4      | Reached XP level 6. HP: 44/51 MP: 6/6
  2622 | D:4      | Reached XP level 7. HP: 37/57 MP: 7/7
  2866 | D:4      | Reached skill level 4 in Fighting
  2918 | D:4      | Found a shimmering altar of Xom.
  3279 | D:4      | Identified the +6 dagger "Nugiufoa" {holy, Contam rC+
                  | Int+3}
  3323 | D:5      | Entered Level 5 of the Dungeon
  3453 | D:5      | Reached skill level 5 in Fighting
  3528 | D:5      | Noticed Blork the orc
  3534 | D:5      | Killed Blork the orc
  3535 | D:5      | Reached skill level 6 in Fighting
  3767 | D:5      | Reached skill level 7 in Fighting
  3767 | D:5      | Reached XP level 8. HP: 62/73 MP: 8/8
  4102 | D:6      | Reached skill level 8 in Fighting
  4149 | D:6      | Found a snail-covered altar of Cheibriados.
  4533 | D:6      | Reached skill level 9 in Fighting
  4747 | D:6      | Reached skill level 10 in Fighting
  4750 | D:6      | Reached * piety under Qazlal
  4757 | D:6      | Reached XP level 9. HP: 44/86 MP: 9/9
  5022 | D:6      | Reached skill level 11 in Fighting
  5201 | D:7      | Noticed Prince Ribbit
  5209 | D:7      | Reached skill level 10 in Axes
  5212 | D:7      | Noticed Maggie
  5227 | D:7      | Killed Prince Ribbit
  5229 | D:7      | Killed Maggie
  5797 | D:7      | Found a glowing silver altar of Zin.
  5797 | D:7      | Noticed an angel
  5820 | D:7      | Noticed a cyclops
  5833 | D:7      | Reached skill level 5 in Armour
  5833 | D:7      | Reached skill level 5 in Shields
  5843 | D:7      | Killed a cyclops
  5844 | D:7      | Reached XP level 10. HP: 38/95 MP: 4/10
  6048 | D:7      | Reached skill level 1 in Invocations
  6305 | D:7      | Found a runed translucent door.
  6306 | D:7      | Noticed Crazy Yiuf
  6443 | D:7      | Noticed Menkaure
  6448 | D:7      | Killed Menkaure
  6821 | D:8      | Found a broken altar of Ashenzari.
  6915 | D:8      | Noticed a two-headed ogre
  6931 | D:8      | Killed a two-headed ogre
  6932 | D:8      | Reached skill level 5 in Invocations
  6938 | D:8      | Reached ** piety under Qazlal
  7290 | D:8      | Found a blossoming altar of Fedhas.
  7882 | D:8      | Noticed a two-headed ogre
  7890 | D:8      | Killed a two-headed ogre
  8033 | D:8      | Reached XP level 11. HP: 71/102 MP: 14/16
  8277 | D:9      | Found a staircase to the Orcish Mines.
  8307 | D:9      | Found Wuxtyqy's Armour Shop.
  9196 | D:10     | Entered Level 10 of the Dungeon
  9612 | D:10     | Found an ancient bone altar of Kikubaaqudgha.
  9657 | D:10     | Found a glowing golden altar of the Shining One.
  9657 | D:10     | Found a shadowy altar of Dithmenos.
  9700 | D:10     | Noticed a two-headed ogre
  9705 | D:10     | Killed a two-headed ogre
  9764 | D:10     | Found a runed translucent gate.
  9764 | D:10     | Found a runed translucent gate.
  9764 | D:10     | Found a runed translucent gate.
  9764 | D:10     | Noticed grumposus's ghost (novice TrDe)
  9766 | D:10     | Found a basalt altar of Yredelemnul.
 10022 | D:11     | Reached skill level 15 in Axes
 10029 | D:11     | Reached *** piety under Qazlal
 10050 | D:11     | Found a staircase to the Lair.
 10598 | D:11     | Noticed a tengu warrior
 10601 | D:11     | Noticed a boulder beetle
 10610 | D:11     | Killed a tengu warrior
 10621 | D:11     | Killed a boulder beetle
 10726 | D:11     | Noticed Josephine
 10739 | D:11     | Killed Josephine
 10740 | D:11     | Reached XP level 12. HP: 99/110 MP: 16/19
 11011 | Lair:1   | Entered Level 1 of the Lair of Beasts
 11018 | Lair:1   | Found a runed translucent door.
 11018 | Lair:1   | Noticed Esekla's ghost (journeyman BaCA)
 11904 | Lair:2   | Found a gate leading to a gauntlet.
 12109 | Gauntlet | Entered a Gauntlet
 12109 | Gauntlet | Found a large runed translucent door.
 12109 | Gauntlet | Found a large runed translucent door.
 12109 | Gauntlet | Found a large runed translucent door.
 12109 | Gauntlet | Found a large runed translucent door.
 12109 | Gauntlet | Found a runed translucent door.
 12109 | Gauntlet | Found a large runed translucent door.
 12109 | Gauntlet | Found a large runed translucent door.
 12109 | Gauntlet | Found a transporter.
 12109 | Gauntlet | Found a transporter.
 12109 | Gauntlet | Found a large runed translucent door.
 12109 | Gauntlet | Found a large runed translucent door.
 12109 | Gauntlet | Found a runed translucent gate.
 12109 | Gauntlet | Found a runed translucent gate.
 12109 | Gauntlet | Found a transporter.
 12110 | Gauntlet | Found a runed translucent door.
 12110 | Gauntlet | Found a runed translucent gate.
 12118 | Gauntlet | Found a large runed translucent door.
 12118 | Gauntlet | Found a large runed translucent door.
 12118 | Gauntlet | Noticed a blizzard demon
 12119 | Gauntlet | Found a large runed translucent door.
 12120 | Gauntlet | Found a large runed translucent door.
 12124 | Gauntlet | Found a transporter.
 12124 | Gauntlet | Found a transporter.
 12125 | Gauntlet | Found a transporter.
 12126 | Gauntlet | Found a transporter.
 12138 | Gauntlet | Found a transporter.
 12146 | Gauntlet | Found a transporter.
 12163 | Gauntlet | Found a transporter.
 12171 | Gauntlet | Found a transporter.
 12188 | Gauntlet | Found a transporter.
 12192 | Gauntlet | Found a large runed translucent door.
 12193 | Gauntlet | Found a large runed translucent door.
 12194 | Gauntlet | Found a large runed translucent door.
 12194 | Gauntlet | Found a large runed translucent door.
 12347 | Lair:2   | Got the Grimoire of Nasty Transmogrification
 12738 | Lair:2   | Noticed a skyshark
 12755 | Lair:2   | Killed a skyshark
 13096 | Lair:2   | Identified a scroll of acquirement
 13097 | Lair:2   | Acquired the +5 broad axe of Jiezir {flame, Str+2}
 13126 | Lair:3   | Reached skill level 12 in Fighting
 13128 | Lair:3   | Reached skill level 10 in Armour
 13269 | Lair:3   | Noticed a skyshark
 13276 | Lair:3   | Killed a skyshark
 13308 | Lair:3   | Noticed Sonja
 13312 | Lair:3   | Killed Sonja
 13313 | Lair:3   | Reached XP level 13. HP: 44/119 MP: 16/20
 13353 | Lair:3   | Noticed Snorg
 13369 | Lair:2   | Reached **** piety under Qazlal
 13622 | Lair:3   | Killed Snorg
 13623 | Lair:3   | Reached skill level 13 in Fighting
 13714 | Lair:3   | Found a staircase to the Snake Pit.
 14192 | Lair:3   | Found a staircase to the Swamp.
 14326 | Lair:3   | Identified the +3 scimitar of a bazaar {freeze, Will+}
 14823 | Lair:4   | Reached skill level 1 in Evocations
 15219 | Lair:4   | Found a runed translucent gate.
 15220 | Lair:4   | Found a runed translucent gate.
 15258 | Lair:4   | Found a runed translucent gate.
 15258 | Lair:4   | Noticed jasper's ghost (journeyman SpBe)
 15720 | Lair:4   | Killed jasper's ghost
 15797 | Lair:5   | Entered Level 5 of the Lair of Beasts
 15878 | Lair:5   | Reached skill level 5 in Evocations
 15883 | Lair:5   | Reached ***** piety under Qazlal
 15884 | Lair:5   | Reached XP level 14. HP: 48/130 MP: 21/21
 16443 | Lair:5   | Reached skill level 10 in Shields
 16757 | Lair:5   | Found a staircase to the Slime Pits.
 16757 | Lair:5   | Found a viscous altar of Jiyva.
 17116 | Lair:5   | Reached skill level 14 in Fighting
 17543 | Lair:5   | Reached skill level 15 in Fighting
 17849 | Lair:5   | Found a corrupted altar of Lugonu.
 17849 | Lair:5   | Found a one-way gate to the infinite horrors of the Abyss.
 18403 | D:12     | Reached skill level 16 in Fighting
 18411 | D:12     | Reached ****** piety under Qazlal
 18453 | D:12     | Reached XP level 15. HP: 144/144 MP: 22/22
 18468 | D:12     | Reached skill level 10 in Invocations
 18475 | D:12     | Gained mutation: You have hidden genetic defects. [a
                  | neqoxec]
 18735 | D:12     | Found a frozen archway.
 18752 | IceCv    | Entered an ice cave
 19088 | IceCv    | Found a transporter.
 19111 | IceCv    | Found a transporter.
 19164 | IceCv    | Identified the +9 long sword of the Past {spect, rPois
                  | Str+2 Int-2 Dex+5}
 19167 | IceCv    | Acquired the amulet of Xittoyju {Faith rC+ rN+ Stlth+}
 19642 | D:13     | Gained mutation: You occasionally shout uncontrollably at
                  | your foes. [hidden defects]
 20218 | D:13     | Reached skill level 17 in Fighting
 20598 | D:13     | Found a gate to the Vaults.
 21092 | D:14     | Gained mutation: You frequently scream uncontrollably at
                  | your foes. [hidden defects]
 21092 | D:14     | Lost mutation: You have hidden genetic defects. [hidden
                  | defects expressed]
 21127 | D:14     | Found a radiant altar of Vehumet.
 22390 | Snake:1  | Entered Level 1 of the Snake Pit
 22658 | Swamp:1  | Entered Level 1 of the Swamp
 22668 | Swamp:1  | Noticed Kirke
 22675 | Swamp:1  | Noticed Donald
 22820 | Lair:3   | Killed Donald
 22827 | Lair:3   | Killed Kirke
 22828 | Lair:3   | Reached XP level 16. HP: 54/157 MP: 26/26
 23334 | Swamp:1  | Noticed a thorn hunter
 23354 | Swamp:1  | Killed a thorn hunter
 23779 | Swamp:1  | Reached skill level 18 in Fighting
 24092 | Swamp:2  | Noticed a thorn hunter
 24113 | Swamp:2  | Killed a thorn hunter
 24319 | Swamp:2  | Found a runed translucent gate.
 24320 | Swamp:2  | Found a runed translucent gate.
 24321 | Swamp:2  | Found a runed translucent gate.
 24321 | Swamp:2  | Noticed Jauraipp's ghost (journeyman MeEE)
 25215 | Swamp:2  | Identified the +5 glaive of Zawkas {chaos, Fly Dex+5}
 25455 | Swamp:2  | Killed Jauraipp's ghost
 26007 | Swamp:3  | Identified the staff of cold "Unenga" {rElec rF+ rC+}
 26207 | Swamp:3  | Reached skill level 15 in Shields
 26901 | Swamp:4  | Entered Level 4 of the Swamp
 26924 | Swamp:4  | Reached XP level 17. HP: 114/166 MP: 18/27
 27240 | Swamp:4  | Reached skill level 15 in Armour
 28086 | Swamp:4  | Got a decaying rune of Zot
 29412 | Snake:2  | Reached skill level 19 in Fighting
 30081 | Snake:2  | Noticed Aizul
 30103 | Snake:2  | Killed Aizul
 30665 | Snake:2  | Reached skill level 20 in Fighting
 31109 | Snake:3  | Reached XP level 18. HP: 43/178 MP: 12/28
 31983 | Snake:3  | HP: 8/178 [poisoned by a naga mage (splash of poison)]
 32828 | Snake:3  | Found Sorerif's Distillery.
 32831 | Snake:3  | Found Vicwuge's Assorted Antiques.
 32833 | Snake:3  | Found Tuiw's Antique Armour Emporium.
 32837 | Snake:3  | Bought a potion of curing for 54 gold pieces
 32837 | Snake:3  | Bought a potion of haste for 180 gold pieces
 32839 | Snake:3  | Bought a box of beasts for 1760 gold pieces
 33066 | Snake:4  | Entered Level 4 of the Snake Pit
 33562 | Snake:4  | Killed from afar by a nagaraja

Illustrated notes

Levels and vault maps discovered:
D:1:      minmay_arrival_glassed_features, layout_basic,
          ebering_ecumenical_altar_mist, minmay_indecisive_spiral
D:2:      layout_loops_ring, basic_altar
D:3:      layout_loops_ring, kennysheep_nub, uniq_robin
D:4:      layout_loops_ring, mainiacjoe_overflow_tiny_flanked, temple_statues
D:5:      layout_basic, uniq_blork_the_orc
D:6:      layout_basic, mainiacjoe_overflow_chevrons
D:7:      cheibrodos_barr_body, layout_rooms, zin_angel, kennysheep_minor_cross,
          uniq_maggie, uniq_crazy_yiuf_cottage, uniq_prince_ribbit1,
          uniq_menkaure
D:8:      layout_loops_corners, fedhas_altar_3, mainiacjoe_overflow_paths,
          serial_bayou, serial_bayou_crossing, serial_bayou_pond_b,
          serial_bayou_shore_a, serial_bayou_pond_d, minmay_starry_boxes
D:9:      layout_rooms, orc_david_3, nicolae_straight_to_the_point
D:10:     layout_roguey, nicolae_yredelemnul_ghost_church, tgw_kikubaaqudgha,
          gammafunk_temple_overflow_elements
D:11:     layout_basic, grunt_lair_entry_orc_guard_hut, bh_walls_and_bars,
          uniq_josephine
D:12:     minmay_four_partial_circles, layout_irregular_city,
          portal_ice_cave_entry_ice_simulacra
D:13:     layout_grid_maze, david_vaults_5
D:14:     layout_basic, nicolae_vehumet_radiance
Temple:   cyrus_circular_temple
Lair:1:   layout_cave_shapes, hellmonk_ghost_happy_afterlife, lemuel_fruit_tree
Lair:2:   layout_loops_ring, gauntlet_entry_generic, grunt_megastairs_3,
          infiniplex_staircase_pool_2
Lair:3:   layout_small_grid, nicolae_swamp_entry_splash_gauntlet,
          guppyfry_snake_entry_island, chequers_serial_rivers_micro_c,
          uniq_snorg, uniq_sonja
Lair:4:   layout_regular_city, gammafunk_ghost_split, lemuel_fruit_fields
Lair:5:   hellmonk_lair_end_abyssal_woods, layout_long_grid,
          minmay_slime_entry_oklob_open, wad_woods_river_01
Swamp:1:  layout_basic_swamp, evilmike_swamp_ruin_rubble_2, uniq_kirke,
          uniq_donald
Swamp:2:  layout_falls_marsh, gammafunk_ghost_necromancy,
          nicolae_swamp_treefoil, swamp_pool1, ldierk_geyser,
          hangedman_swamp_lotus
Swamp:3:  nzn_winding_woodlands_medium [nzn_winding_woodlands_5x5_closed_star,
          nzn_winding_woodlands_5x15_garden, nzn_winding_woodlands_5x5_cross,
          nzn_winding_woodlands_5x5_checkerboard,
          nzn_winding_woodlands_center_diamonds,
          nzn_winding_woodlands_5x5_perimeter,
          nzn_winding_woodlands_5x5_open_star,
          nzn_winding_woodlands_5x15_sidewinder,
          nzn_winding_woodlands_hourglass], layout_falls_marsh,
          evilmike_swamp_ruin_house_5, infiniplex_staircase_pool
Swamp:4:  swamp_basic_johnstein, layout_basic_swamp, swamp_pool1,
          nicolae_swamp_bean_lake
Snake:1:  layout_grid_shapes, nicolae_integral_box
Snake:2:  layout_gridlike, grunt_megastairs_4, uniq_aizul
Snake:3:  layout_gridlike, minmay_shop_star
Snake:4:  grunt_snake_rune_spirals, layout_onion_interference, st_stairs_4

Skill      XL: |  1  2  3  4  5  6  7  8  9 10 11 12 13 14 15 16 17 18 |
---------------+-------------------------------------------------------+-----
Axes           | 3 4 5 6 8 9 11 13 15 16 17 18 | 18.0
Fighting       | 7 10 11 12 13 16 17 18 20 | 20.2
Armour         | 5 7 10 12 13 14 15 | 15.7
Shields        | 5 7 8 9 12 15 16 17 | 17.9
Invocations    | 7 9 13 14 | 14.7
Evocations     | 5 6 |  6.6

Action                     |  1- 3 |  4- 6 |  7- 9 | 10-12 | 13-15 | 16-18 || total
---------------------------+-------+-------+-------+-------+-------+-------++-------
  Melee: War axe           |    82 |   109 |   222 |   579 |       |       ||   992
         Broad axe         |       |       |       |    45 |   655 |   775 ||  1475
         Unarmed           |       |       |       |       |     3 |       ||     3
 Invoke: Upheaval          |       |       |       |     1 |       |     1 ||     2
         Disaster Area     |       |       |       |       |     3 |     4 ||     7
  Evoke: Lightning rod     |       |       |       |       |     1 |       ||     1
    Use: Scroll            |     3 |     8 |     7 |    11 |     4 |    12 ||    45
         Potion            |       |       |     1 |       |     4 |     8 ||    13
 Armour: Scale mail        |    49 |    39 |       |       |       |       ||    88
         Chain mail        |       |    21 |   129 |    23 |       |       ||   173
         Plate armour      |       |       |       |   291 |   296 |   289 ||   876
  Dodge: Dodged            |    48 |    31 |    93 |   169 |   161 |   149 ||   651
         Repelled          |       |       |       |       |     4 |    23 ||    27
  Block: Buckler           |    15 |    16 |    57 |   258 |   475 |       ||   821
         Reflection        |       |       |       |       |    10 |       ||    10
         Other             |       |       |       |       |     5 |       ||     5
         Kite shield       |       |       |       |       |       |   545 ||   545
         Tower shield      |       |       |       |       |       |   461 ||   461
